 Seeded DCSS version 0.25.1-9-gc5326a611f (webtiles) character file.

Game seed: 20201210 (custom seed)

93 radhat240 the Covered (level 4, 41/41 HPs)
             Began as a Minotaur Fighter on Jan 2, 2021.
             Quit the game on level 3 of the Dungeon on Jan 6, 2021.
             The game lasted 00:09:29 (1366 turns).

radhat240 the Covered (Minotaur Fighter)            Turns: 1366, Time: 00:09:29

Health: 41/41      AC:  7    Str: 21    XL:     4   Next: 37%
Magic:  3/3        EV:  7    Int:  5    God:
Gold:   51         SH:  9    Dex: 10    Spells: 3/3 levels left

rFire    . . .     SeeInvis .   a - +0 war axe
rCold    . . .     Gourm    .   c - +0 kite shield
rNeg     . . .     Faith    .   b - +0 scale mail
rPois    .         Spirit   .   (helmet restricted)
rElec    .         Reflect  .   (no cloak)
rCorr    .         Harm     .   (no gloves)
MR       .....                  (no boots)
Stlth    ..........             k - amulet of regeneration
HPRegen  0.53/turn              (no ring)
MPRegen  0.08/turn              (no ring)

@: no status effects
A: retaliatory headbutt, horns 2
a: no special abilities


You were on level 3 of the Dungeon.
You were not hungry.

You visited 1 branch of the dungeon, and saw 3 of its levels.

You collected 51 gold pieces.

Inventory:

Hand Weapons
 a - a +0 war axe (weapon)
Armour
 b - a +0 scale mail (worn)
 c - a +0 kite shield (worn)
Jewellery
 e - an uncursed ring of protection from fire {unknown}
 k - an amulet of regeneration (around neck)
Scrolls
 h - 3 scrolls of amnesia {unknown}
 i - 2 scrolls of enchant armour {unknown}
 m - a scroll of teleportation {unknown}
 n - a scroll of immolation {unknown}
 o - a scroll of blinking {unknown}
 p - a scroll of identify
Potions
 d - a potion of might
 j - a potion of curing
 l - a potion of brilliance {unknown}
Comestibles
 f - 6 rations
 g - 5 chunks of flesh


   Skills:
 + Level 4.4 Fighting
 + Level 3.4 Axes
 + Level 4.4 Armour
 + Level 0.4 Dodging
 + Level 4.4 Shields


You had 3 spell levels left.
You didn't know any spells.
Your spell library was empty.

Dungeon Overview and Level Annotations

Branches:
Dungeon (3/15)

Altars:
Dithmenos
Vehumet
Yredelemnul


Innate Abilities, Weirdness & Mutations

You reflexively headbutt those who attack you in melee.
You have a pair of horns on your head.


Message History

A giant cockroach comes into view.
A giant cockroach is nearby!
A giant cockroach is nearby!
A giant cockroach is nearby!
Found a stone staircase leading up.
You slash the giant cockroach!
You kill the giant cockroach!
No target in view!
You butcher the giant cockroach corpse.
g - 5 chunks of flesh (gained 1)
f - 6 rations (gained 1)
Found an escape hatch in the ceiling.
Save game and exit?
Welcome back, radhat240 the Minotaur Fighter.
Game seed: 20201210 (custom seed) Press ? for a list of commands and other information.
Welcome back, radhat240 the Minotaur Fighter.
Game seed: 20201210 (custom seed) Press ? for a list of commands and other information.
Are you sure you want to abandon this character and quit the game? (Confirm with "yes".)

...........%##
<............
...........# #.#..
#.........# #.#..
#.........###.#.......
#...........#.#.#....
#.........#.#.#.#...#
#@....#.#.#.#...#
#####.....#.#.#.#...#
...........#.....#...#
...........#.....#...#
...........#.....#...##
.....<.................
..................#.#.#
.......................
.%.....................


There were no monsters in sight!

Vanquished Creatures
  A gnoll (D:1)
  An adder (D:2)
  An ooze (D:2)
  2 worms
  3 dart slugs
  A leopard gecko (D:3)
  An orc (D:3)
  6 bats (D:1)
  2 giant cockroaches
  6 goblins
  13 hobgoblins
  3 jackals (D:2)
  3 frilled lizards
  5 kobolds
  5 rats (D:1)
53 creatures vanquished.

Notes
Turn   | Place    | Note
-------+----------+-------------------------------------------
     0 | D:1      | radhat240 the Minotaur Fighter began the quest for the Orb.
     0 | D:1      | Reached XP level 1. HP: 19/19 MP: 0/0
   118 | D:1      | Reached XP level 2. HP: 23/27 MP: 1/1
   211 | D:1      | Reached XP level 3. HP: 33/33 MP: 2/2
   612 | D:2      | Reached XP level 4. HP: 41/41 MP: 3/3
   785 | D:2      | Found a radiant altar of Vehumet.
   786 | D:2      | Found a basalt altar of Yredelemnul.
   787 | D:2      | Found a shadowy altar of Dithmenos.
  1366 | D:3      | Quit the game

Illustrated notes

Levels and vault maps discovered:
D:1:      dpeg_arrival_snail, layout_basic
D:2:      layout_basic, chequers_temple_overflow_statue_of_worship,
          minmay_hedge_maze, minmay_misc_feat_five
D:3:      layout_basic

Skill      XL: |  1  2  3 |
---------------+----------+-----
Armour         | 4 |  4.4
Shields        | 4 |  4.4
Fighting       | 4 |  4.4
Axes           | 3 |  3.4
Dodging        | |  0.4

Action                   |  1- 3 |  4- 6 || total
-------------------------+-------+-------++-------
Melee: War axe           |    56 |    32 ||    88
       Headbutt          |     5 |     4 ||     9
  Use: Scroll            |       |     1 ||     1
  Eat: Chunk             |       |     2 ||     2
Armor: Scale mail        |    33 |    16 ||    49
Dodge: Dodged            |    21 |     9 ||    30
Block: Kite shield       |    34 |    10 ||    44
